 Dungeon Crawl Stone Soup version 0.31.0-9-g3a7656b989 (webtiles) character file.

Game seed: 6989424967033538057

20051 qw the Skirmisher (level 12, -2/101 HPs)
             Began as a Demigod Hunter on Feb 2, 2024.
             Slain by a skyshark (7 damage)
             ... on level 3 of the Lair of Beasts.
             The game lasted 00:01:13 (12001 turns).

qw the Skirmisher (Demigod Hunter)                 Turns: 12001, Time: 00:01:14

Health: -2/101     AC: 14    Str: 12    XL:     12   Next: 13%
Magic:  15/15      EV: 20    Int: 11    God:
Gold:   337        SH:  0    Dex: 33    Spells: 11/11 levels left

rFire   . . .        r - +1 orcbow (heavy)
rCold   . . .        (shield currently unavailable)
rNeg    + . .        p - +4 ring mail
rPois   +            q - +0 helmet
rElec   .            a - +0 cloak
rCorr   .            g - +1 pair of gloves
SInv    +            (no boots)
Will    +....        (no amulet)
Stlth   ++           h - ring of poison resistance
HPRegen 0.36/turn    u - ring "Roits" {rN+ SInv}
MPRegen 0.14/turn

%: no passive effects
@: about to teleport
A: high MP 1, forlorn, divine attributes
a: no special abilities


You were on level 3 of the Lair of Beasts.
You visited 2 branches of the dungeon, and saw 16 of its levels.

You collected 845 gold pieces.
You spent 508 gold pieces at shops.


Innate Abilities, Weirdness & Mutations

You have an increased reservoir of magic. (+10% MP)
You shall have no god before yourself.
Your divine heritage dramatically boosts your attributes as you level up.


   Skills:
 - Level 8.0 Fighting
 + Level 14.8 Ranged Weapons
 - Level 4.2 Armour
 - Level 9.0 Dodging
 - Level 0.8 Stealth


You had 11 spell levels left.
You didn't know any spells.
Your spell library was empty.

Inventory:

Hand Weapons
 r - a +1 heavy orcbow (weapon)
Armour
 a - a +0 cloak (worn)
 g - a +1 pair of gloves (worn)
 n - a +1 leather armour of fire resistance
 p - a +4 ring mail (worn)
 q - a +0 helmet (worn)
 w - a +0 hat of see invisible
Jewellery
 e - a ring of fire
 h - a ring of poison resistance (left hand)
 u - the ring "Roits" (right hand) {rN+ SInv}
   (You acquired it on level 10 of the Dungeon)

   [ring of positive energy]

   rN+:       It protects you from negative energy.
   SInv:      It lets you see invisible.
 y - a +4 ring of protection
 Y - a +4 ring of slaying {mikee}
Wands
 d - a wand of light (18)
 f - a wand of iceblast (10)
 s - a wand of digging (13)
Scrolls
 m - 2 scrolls of teleportation
Potions
 b - a potion of cancellation
 c - 2 potions of resistance
 i - a potion of mutation
 j - 4 potions of might
 l - a potion of enlightenment
 v - 2 potions of curing

Dungeon Overview and Level Annotations

Branches:
Dungeon (13/15)            Temple (0/1) D:6            Lair (3/5) D:10
  Snake (0/4) Lair:3          Orc (0/2) D:9
  Swamp: Lair:2-3    Shoals: Lair:2-3    Vaults: D:13-14

Shops:
D:6 [[=[[   D:11 [


Message History

The arrow hits the death yak but does no damage.
The death yak is heavily wounded.
You hear a bellow!
The death yak gores you!
You shoot an arrow. The arrow hits the death yak.
The death yak is heavily wounded.
A death yak comes into view.
The death yak misses you. The death yak gores you!
You shoot an arrow. The arrow hits the death yak.
The death yak is heavily wounded.
You hear a bellow!
The death yak gores you!! The death yak misses you.
11996 ||| READING 4 scrolls of teleportation.
As you read the scroll of teleportation, it crumbles to dust.
You feel strangely unstable. The death yak closely misses you.
The death yak barely misses you.
You shoot an arrow. The arrow hits the death yak!
The death yak is severely wounded.
You hear a bellow!
The death yak completely misses you. The death yak closely misses you.
You shoot an arrow. The arrow hits the death yak.
The death yak is severely wounded.
The death yak completely misses you. The death yak barely misses you.
You shoot an arrow. The arrow barely misses the death yak.
Your surroundings suddenly seem different.
A komodo dragon and a skyshark come into view.
Found a scroll of identify and a robe.
The skyshark misses you. x2
The skyshark tail-slaps you.
12000 ||| READING 3 scrolls of teleportation.
As you read the scroll of teleportation, it crumbles to dust.
You feel strangely unstable.
The skyshark bites you but does no damage.
The skyshark misses you. x2
You shoot an arrow. The arrow hits the skyshark!
The skyshark is lightly wounded.
The komodo dragon hisses angrily.
The skyshark bites you!
The skyshark tastes blood and grows stronger!
The skyshark barely misses you. The skyshark tail-slaps you!
You die...

#P..Y#.........
#....##.#.#......####
##.Y> ...........#..#
#... ...............
#... ...............
.... .......?.......
.............
#.......##.
#..@F.....#
#..........
#......#... #......#
. .......l.
.#.........
.P#......#### ..
........


You could see a skyshark (strong) and a komodo dragon.

Vanquished Creatures
  Gastronok (D:11)
  A hydra (Lair:3)
  A boulder beetle (D:11)
  4 death yaks (Lair:2)
  A two-headed ogre (D:9)
  A deep elf pyromancer (D:12)
  3 black mambas (Lair:1)
  A cane toad (Lair:2)
  Jeremiah (D:6)
  An unseen horror (D:10)
  A rime drake (Lair:2)
  3 komodo dragons (Lair:1)
  2 trolls
  A polar bear (Lair:2)
  4 blink frogs (Lair:3)
  A shadow (D:9)
  3 wyverns
  A warg (D:9)
  2 basilisks (Lair:2)
  15 yaks
  6 vampire mosquitoes
  2 steam dragons
  4 nagas (Lair:3)
  5 water moccasins
  An acid dragon (D:11)
  A sky beast (D:7)
  2 orc warriors
  2 ice beasts
  An ogre (D:7)
  25 wolves
  3 centaurs
  A phantom (D:4)
  3 kobold brigands (D:7)
  3 bullfrogs (Lair:1)
  A scorpion (D:3)
  A gnoll sergeant (D:11)
  8 wights
  4 killer bees (D:8)
  5 howler monkeys
  An electric eel (Lair:2)
  An orc priest (D:8)
  2 bombardier beetles
  2 hounds (D:5)
  A jelly (D:8)
  A gnoll bouda (D:8)
  Ijyb (D:3)
  2 iguanas
  7 orc wizards
  Robin (D:4)
  10 gnolls
  10 adders
  A shadow imp (D:8)
  A white imp (D:8)
  5 dart slugs
  A ribbon worm (D:3)
  25 orcs
  8 ball pythons
  4 endoplasms
  6 giant cockroaches
  17 goblins
  8 hobgoblins
  18 kobolds
  3 quokkas
  4 bats
  3 frilled lizards
  7 rats
276 creatures vanquished.

Vanquished Creatures (collateral kills)
  An ogre (D:5)
1 creature vanquished.

Vanquished Creatures (others)
  An iguana (D:5)
  A gnoll (D:2)
2 creatures vanquished.

Grand Total: 279 creatures vanquished

Notes
Turn   | Place    | Note
-------+----------+-------------------------------------------
     0 | D:1      | qw the Demigod Hunter began the quest for the Orb.
     0 | D:1      | Reached XP level 1. HP: 17/17 MP: 3/3
     0 | D:1      | 0 ||| qw: Version: 0.3-a-155-g5e7d8dd
     0 | D:1      | 0 ||| qw: Game counter: 398
     0 | D:1      | 0 ||| qw: Melee chars always use a shield: true
     0 | D:1      | 0 ||| qw: God list: Okawaru
     0 | D:1      | 0 ||| qw: Allow faded altars: false
     0 | D:1      | 0 ||| qw: Do Orc after clearing Dungeon:15 true
     0 | D:1      | 0 ||| qw: Do second Lair branch before Depths: true
     0 | D:1      | 0 ||| qw: Lair rune preference: random
     0 | D:1      | 0 ||| qw: Goals: Normal
     0 | D:1      | 0 ||| PLANNING D:1-11
   136 | D:1      | Reached skill level 4 in Ranged Weapons
   222 | D:1      | Reached XP level 2. HP: 24/24 MP: 4/4
   342 | D:1      | 342 ||| READING 3 scrolls labelled JOUSTA NEAQU.
   342 | D:1      | 342 ||| IDENTIFYING amethyst potion
   343 | D:1      | 343 ||| READING 2 scrolls of identify.
   343 | D:1      | 343 ||| IDENTIFYING scroll labelled MAMOCK URYRI
   344 | D:1      | 344 ||| READING scroll of brand weapon.
   344 | D:1      | 344 ||| BRANDING +0 shortbow.
   345 | D:1      | 345 ||| READING scroll of identify.
   345 | D:1      | 345 ||| IDENTIFYING scroll labelled WASYB GONWU
   346 | D:1      | 346 ||| DROPPING scroll of butterflies.
   347 | D:1      | 347 ||| DROPPING potion of magic.
   348 | D:1      | 348 ||| DROPPING scroll of noise.
   840 | D:1      | 840 ||| READING scroll labelled WATIATACSA.
   841 | D:1      | 841 ||| DRINKING 3 fuming red potions.
   869 | D:1      | 869 ||| DROPPING 2 potions of lignification.
  1023 | D:2      | Reached XP level 3. HP: 29/29 MP: 5/5
  1367 | D:2      | Reached skill level 5 in Ranged Weapons
  1368 | D:2      | Reached XP level 4. HP: 36/36 MP: 6/6
  1520 | D:2      | 1520 ||| UPGRADING to +0 pair of gloves.
  1525 | D:2      | 1525 ||| READING scroll labelled ONUSEPT DEFA.
  1526 | D:2      | 1526 ||| READING scroll labelled TISMEPS KANI.
  1529 | D:2      | 1529 ||| DRINKING 2 clear potions.
  1556 | D:3      | Identified the +4 mace of Fekowagh {speed, *Slow rC+++
                  | rCorr Str+3}
  1913 | D:3      | Noticed Ijyb
  1917 | D:3      | Paralysed by Ijyb for 3 turns
  1922 | D:3      | Killed Ijyb
  2374 | D:3      | Reached skill level 6 in Ranged Weapons
  2374 | D:3      | Reached XP level 5. HP: 41/41 MP: 7/7
  2422 | D:3      | 2422 ||| UPGRADING to +6 ring of strength.
  2423 | D:3      | 2423 ||| READING scroll of identify.
  2423 | D:3      | 2423 ||| IDENTIFYING bubbling green potion
  2424 | D:3      | 2424 ||| READING scroll labelled NEM ERE BEL.
  2489 | D:4      | 2489 ||| PLANNING OSSUARY
  2616 | D:4      | 2616 ||| ZAPPING wand of paralysis (7) at 1,-4 (phantom;
                  | floor).
  2617 | D:4      | 2617 ||| ZAPPING wand of paralysis (6) at 1,-3 (phantom;
                  | floor).
  2618 | D:4      | 2618 ||| ZAPPING wand of paralysis (5) at 1,-1 (phantom;
                  | floor).
  2619 | D:4      | 2619 ||| ZAPPING wand of paralysis (4) at -1,1 (phantom;
                  | floor).
  2620 | D:4      | 2620 ||| ZAPPING wand of paralysis (3) at -1,0 (phantom;
                  | floor).
  2626 | D:4      | Reached skill level 3 in Fighting
  2738 | D:4      | Noticed Robin
  2746 | D:4      | Reached XP level 6. HP: 50/51 MP: 8/8
  2752 | D:4      | Killed Robin
  2861 | D:4      | 2861 ||| FLEEEEING.
  2862 | D:4      | 2862 ||| FLEEEEING.
  2863 | D:4      | 2863 ||| FLEEEEING.
  2864 | D:4      | 2864 ||| FLEEEEING.
  2878 | D:4      | 2878 ||| FLEEEEING.
  2879 | D:4      | 2879 ||| FLEEEEING.
  2880 | D:4      | 2880 ||| FLEEEEING.
  3075 | D:4      | Reached skill level 3 in Dodging
  3162 | D:4      | 3162 ||| RIP OSSUARY
  3176 | D:4      | 3176 ||| PLANNING D:1-11
  3447 | D:4      | 3447 ||| UPGRADING to +0 ring mail.
  3457 | D:4      | 3457 ||| DROPPING +0 leather armour.
  3458 | D:4      | 3458 ||| UPGRADING to +4 ring mail.
  3468 | D:4      | 3468 ||| DROPPING +0 ring mail.
  3469 | D:4      | 3469 ||| UPGRADING to +0 helmet.
  3474 | D:4      | 3474 ||| UPGRADING to +4 ring of slaying {mikee}.
  3475 | D:4      | 3475 ||| READING scroll labelled MUJ YTORE HYSK.
  3476 | D:4      | 3476 ||| READING scroll labelled SUCIN WORAYHIE.
  3508 | D:5      | Entered Level 5 of the Dungeon
  3648 | D:5      | 3648 ||| DRINKING 2 metallic ruby potions.
  3678 | D:5      | 3678 ||| FLEEEEING.
  3679 | D:5      | 3679 ||| RETREEEEATING.
  3680 | D:5      | 3680 ||| RETREEEEATING.
  3681 | D:5      | 3681 ||| RETREEEEATING.
  3684 | D:5      | Reached XP level 7. HP: 50/57 MP: 9/9
  3691 | D:5      | Reached skill level 7 in Ranged Weapons
  4003 | D:6      | Noticed Jeremiah
  4004 | D:6      | 4004 ||| ZAPPING wand of paralysis (9) at 1,3 (Jeremiah;
                  | floor).
  4023 | D:6      | 4023 ||| ZAPPING wand of paralysis (8) at 3,-3 (Jeremiah;
                  | floor).
  4028 | D:6      | HP: 8/54 [Jeremiah/bolt of light (23)]
  4029 | D:6      | 4029 ||| DRINKING potion of curing.
  4029 | D:6      | 4029 ||| (to cure confusion)
  4030 | D:6      | 4030 ||| READING 2 scrolls of teleportation.
  4031 | D:6      | 4031 ||| DRINKING potion of heal wounds.
  4032 | D:6      | Found Furph's Armour Emporium.
  4032 | D:6      | Noticed an animated shadow dragon scales
  4032 | D:6      | Noticed an animated pearl dragon scales
  4149 | D:6      | 4149 ||| ZAPPING wand of paralysis (7) at 7,-4 (Jeremiah;
                  | floor).
  4161 | D:6      | 4161 ||| ZAPPING wand of paralysis (6) at 4,-3 (Jeremiah;
                  | floor).
  4182 | D:6      | 4182 ||| ZAPPING wand of paralysis (5) at 3,2 (Jeremiah;
                  | floor).
  4205 | D:6      | Killed Jeremiah
  4206 | D:6      | Reached skill level 8 in Ranged Weapons
  4364 | D:6      | Found Zukkusaz's Jewellery Emporium.
  4373 | D:6      | 4373 ||| SHOPLISTING +6 ring of dexterity (432 gold, have
                  | 338).
  4373 | D:6      | 4373 ||| SHOPLISTING amulet of Vitality {RegenMP++ Regen++}
                  | (1200 gold, have 338).
  4373 | D:6      | 4373 ||| BUYING ring of fire (300 gold).
  4373 | D:6      | Bought a ring of fire for 300 gold pieces
  4373 | D:6      | 4373 ||| SHOPLISTING ring of willpower (300 gold, have 38).
  4449 | D:6      | Found Rodado's Antique Armour Shoppe.
  4460 | D:6      | Reached XP level 8. HP: 61/66 MP: 10/10
  4478 | D:6      | 4478 ||| SHOPLISTING cloak (130 gold, have 38).
  4478 | D:6      | 4478 ||| SHOPLISTING glowing leather armour (145 gold, have
                  | 38).
  4494 | D:6      | 4494 ||| SWAPPING to +0 orcbow.
  4495 | D:6      | 4495 ||| DROPPING +0 shortbow of chaos.
  4550 | D:6      | Found Noinkig's Antique Armour Boutique.
  4558 | D:6      | 4558 ||| SHOPLISTING glowing ring mail (147 gold, have 76).
  4558 | D:6      | 4558 ||| SHOPLISTING pair of pitted boots (199 gold, have
                  | 76).
  4603 | D:6      | Found Zoluisch's Armour Emporium.
  4608 | D:6      | 4608 ||| BUYING +0 cloak (54 gold).
  4608 | D:6      | Bought a +0 cloak for 54 gold pieces
  4608 | D:6      | 4608 ||| SHOPLISTING +0 pair of boots (54 gold, have 22).
  4630 | D:6      | Found a staircase to the Ecumenical Temple.
  4662 | D:6      | 4662 ||| UPGRADING to +0 cloak.
  4667 | D:6      | 4667 ||| READING scroll of identify.
  4667 | D:6      | 4667 ||| IDENTIFYING smoky inky potion
  4668 | D:6      | 4668 ||| READING scroll labelled ILLEUD LUORGH.
  4854 | D:7      | Reached skill level 9 in Ranged Weapons
  5014 | D:7      | 5014 ||| RETREEEEATING.
  5301 | D:7      | 5301 ||| UPGRADING to ring of see invisible.
  5303 | D:7      | 5303 ||| READING scroll of identify.
  5303 | D:7      | 5303 ||| IDENTIFYING yellow potion
  5304 | D:7      | 5304 ||| READING scroll labelled PUAMPY POERUQI.
  5304 | D:7      | 5304 ||| ENCHANTING +0 pair of gloves.
  5305 | D:7      | 5305 ||| READING scroll labelled HASUYPA VEYPS.
  5305 | D:7      | 5305 ||| ENCHANTING +0 orcbow.
  5306 | D:7      | 5306 ||| DROPPING potion of brilliance.
  5323 | D:8      | 5323 ||| STAIRDANCE
  5367 | D:8      | 5367 ||| STAIRDANCE
  5461 | D:8      | 5461 ||| Stepping ~*~*~tactically~*~*~ (cloud).
  5470 | D:8      | 5470 ||| FLEEEEING.
  5471 | D:8      | 5471 ||| FLEEEEING.
  5472 | D:8      | 5472 ||| FLEEEEING.
  5473 | D:8      | 5473 ||| FLEEEEING.
  5477 | D:8      | 5477 ||| FLEEEEING.
  5478 | D:8      | 5478 ||| FLEEEEING.
  5479 | D:8      | 5479 ||| FLEEEEING.
  5480 | D:8      | 5480 ||| FLEEEEING.
  5481 | D:8      | 5481 ||| FLEEEEING.
  5483 | D:8      | 5483 ||| FLEEEEING.
  5484 | D:8      | 5484 ||| FLEEEEING.
  5489 | D:8      | 5489 ||| RETREEEEATING.
  5495 | D:8      | Reached skill level 10 in Ranged Weapons
  5495 | D:8      | Reached XP level 9. HP: 31/74 MP: 11/11
  5505 | D:8      | 5505 ||| FLEEEEING.
  5507 | D:8      | 5507 ||| RETREEEEATING.
  5520 | D:8      | 5520 ||| FLEEEEING.
  5521 | D:8      | 5521 ||| FLEEEEING.
  5523 | D:8      | 5523 ||| FLEEEEING.
  5524 | D:8      | 5524 ||| FLEEEEING.
  5525 | D:8      | 5525 ||| FLEEEEING.
  5526 | D:8      | 5526 ||| FLEEEEING.
  5527 | D:8      | 5527 ||| FLEEEEING.
  5528 | D:8      | 5528 ||| FLEEEEING.
  6097 | D:8      | 6097 ||| UPGRADING to ring of poison resistance.
  6099 | D:8      | 6099 ||| READING 2 scrolls of identify.
  6099 | D:8      | 6099 ||| IDENTIFYING fizzy blue potion
  6100 | D:8      | 6100 ||| READING scroll of identify.
  6100 | D:8      | 6100 ||| IDENTIFYING inky potion
  6101 | D:8      | 6101 ||| DROPPING wand of flame (23).
  6165 | D:9      | Identified the +0 chain mail "Qurghu" {Stlth+}
  6197 | D:9      | Noticed a two-headed ogre
  6198 | D:9      | 6198 ||| ZAPPING wand of light (17) at 2,1 (two-headed
                  | ogre; floor).
  6199 | D:9      | Reached skill level 3 in Armour
  6199 | D:9      | 6199 ||| ZAPPING wand of paralysis (4) at 1,0 (two-headed
                  | ogre; open_door).
  6200 | D:9      | 6200 ||| ZAPPING wand of paralysis (3) at 1,0 (two-headed
                  | ogre; open_door).
  6207 | D:9      | Killed a two-headed ogre
  6208 | D:9      | Reached skill level 6 in Fighting
  6316 | D:9      | Found a staircase to the Orcish Mines.
  6331 | D:9      | 6331 ||| FLEEEEING.
  6349 | D:9      | 6349 ||| FLEEEEING.
  6500 | D:9      | 6500 ||| Stepping ~*~*~tactically~*~*~ (cloud).
  6695 | D:9      | 6695 ||| READING scroll of brand weapon.
  6695 | D:9      | 6695 ||| BRANDING +1 orcbow.
  7018 | D:9      | Reached skill level 11 in Ranged Weapons
  7241 | D:10     | Entered Level 10 of the Dungeon
  7351 | D:10     | Found a staircase to the Lair.
  7412 | D:10     | 7412 ||| RETREEEEATING.
  7419 | D:10     | Reached XP level 10. HP: 74/84 MP: 13/13
  7477 | D:10     | 7477 ||| RETREEEEATING.
  7480 | D:10     | Reached skill level 6 in Dodging
  7565 | D:10     | Identified the +5 sling "Wuweff" {heavy, rF+ Str+3 Int+2}
  7721 | D:10     | 7721 ||| RETREEEEATING.
  7723 | D:10     | 7723 ||| RETREEEEATING.
  7724 | D:10     | 7724 ||| RETREEEEATING.
  7725 | D:10     | 7725 ||| RETREEEEATING.
  7726 | D:10     | 7726 ||| RETREEEEATING.
  7727 | D:10     | 7727 ||| RETREEEEATING.
  7728 | D:10     | 7728 ||| RETREEEEATING.
  7854 | D:10     | Reached skill level 12 in Ranged Weapons
  8051 | D:10     | 8051 ||| READING scroll labelled OKIHOSUTUST.
  8051 | D:10     | Identified a scroll of acquirement
  8051 | D:10     | 8051 ||| ACQUIRING ring "Roits" {rN+ SInv}
  8051 | D:10     | Acquired the ring "Roits" {rN+ SInv}
  8053 | D:10     | 8053 ||| UPGRADING to ring "Roits" {rN+ SInv}.
  8055 | D:10     | 8055 ||| DROPPING ring of see invisible.
  8056 | D:10     | 8056 ||| DRINKING 2 emerald potions.
  8057 | D:10     | 8057 ||| DRINKING 3 potions of curing.
  8057 | D:10     | 8057 ||| (to cure confusion)
  8058 | D:10     | 8058 ||| DROPPING potion of ambrosia.
  8190 | D:11     | Noticed a boulder beetle
  8191 | D:11     | 8191 ||| ZAPPING wand of paralysis (2) at -6,-1 (boulder
                  | beetle; floor).
  8192 | D:11     | 8192 ||| ZAPPING wand of paralysis (1) at -5,-1 (boulder
                  | beetle; floor).
  8199 | D:11     | Killed a boulder beetle
  8206 | D:11     | 8206 ||| FLEEEEING.
  8223 | D:11     | 8223 ||| FLEEEEING.
  8291 | D:11     | You fall into a shaft and drop 2 floors!
  8353 | D:13     | 8353 ||| READING scroll of identify.
  8353 | D:13     | 8353 ||| IDENTIFYING orange potion
  8387 | D:12     | Noticed a deep elf pyromancer
  8397 | D:12     | Killed a deep elf pyromancer
  8638 | D:11     | Found Tixuhuh's Armour Boutique.
  8650 | D:11     | 8650 ||| BUYING +1 leather armour of fire resistance (154
                  | gold).
  8650 | D:11     | Bought a +1 leather armour of fire resistance for 154 gold
                  | pieces
  8725 | D:11     | Noticed Gastronok
  8740 | D:11     | Killed Gastronok
  9284 | D:11     | 9284 ||| PLANNING LAIR
  9298 | D:11     | Reached XP level 11. HP: 93/93 MP: 14/14
  9325 | Lair:1   | Entered Level 1 of the Lair of Beasts
  9328 | Lair:1   | 9328 ||| STAIRDANCE
  9555 | Lair:1   | 9555 ||| RETREEEEATING.
  9558 | Lair:1   | 9558 ||| RETREEEEATING.
  9561 | Lair:1   | 9561 ||| RETREEEEATING.
  9565 | Lair:1   | 9565 ||| RETREEEEATING.
  9566 | Lair:1   | 9566 ||| RETREEEEATING.
  9567 | Lair:1   | 9567 ||| RETREEEEATING.
  9568 | Lair:1   | 9568 ||| RETREEEEATING.
  9569 | Lair:1   | 9569 ||| RETREEEEATING.
  9575 | Lair:1   | Reached skill level 13 in Ranged Weapons
 10144 | Lair:1   | 10144 ||| RETREEEEATING.
 10145 | Lair:1   | 10145 ||| RETREEEEATING.
 10146 | Lair:1   | 10146 ||| RETREEEEATING.
 10612 | Lair:1   | 10612 ||| DROPPING ring of willpower.
 10613 | Lair:1   | 10613 ||| DROPPING ring of ice.
 10614 | Lair:1   | 10614 ||| DROPPING +6 ring of strength.
 10834 | Lair:2   | Reached skill level 14 in Ranged Weapons
 11082 | Lair:2   | 11082 ||| RETREEEEATING.
 11084 | Lair:2   | Noticed a death yak
 11088 | Lair:2   | 11088 ||| RETREEEEATING.
 11089 | Lair:2   | 11089 ||| RETREEEEATING.
 11090 | Lair:2   | 11090 ||| RETREEEEATING.
 11096 | Lair:2   | 11096 ||| RETREEEEATING.
 11097 | Lair:2   | 11097 ||| RETREEEEATING.
 11098 | Lair:2   | 11098 ||| RETREEEEATING.
 11099 | Lair:2   | 11099 ||| ZAPPING wand of light (16) at -2,-1 (death yak;
                  | floor).
 11102 | Lair:2   | Killed a death yak
 11106 | Lair:2   | 11106 ||| DRINKING 2 potions of cancellation.
 11313 | Lair:2   | Noticed a death yak
 11315 | Lair:2   | Noticed a death yak
 11315 | Lair:2   | Noticed a death yak
 11318 | Lair:2   | Killed a death yak
 11324 | Lair:2   | Killed a death yak
 11328 | Lair:2   | HP: 11/94 [death yak (16)]
 11329 | Lair:2   | 11329 ||| READING 5 scrolls of teleportation.
 11330 | Lair:2   | 11330 ||| DRINKING 2 potions of heal wounds.
 11331 | Lair:2   | 11331 ||| DRINKING potion of heal wounds.
 11580 | Lair:2   | Killed a death yak
 11745 | Lair:2   | 11745 ||| DROPPING amulet of magic regeneration.
 11746 | Lair:2   | 11746 ||| READING scroll of identify.
 11746 | Lair:2   | 11746 ||| IDENTIFYING sedimented puce potion
 11747 | Lair:2   | 11747 ||| DROPPING potion of degeneration.
 11786 | Lair:3   | Reached XP level 12. HP: 101/101 MP: 15/15
 11788 | Lair:3   | Found a staircase to the Snake Pit.
 11881 | Lair:3   | Noticed a five-headed hydra
 11886 | Lair:3   | Killed a five-headed hydra
 11976 | Lair:3   | 11976 ||| RETREEEEATING.
 11977 | Lair:3   | 11977 ||| RETREEEEATING.
 11978 | Lair:3   | 11978 ||| RETREEEEATING.
 11985 | Lair:3   | Reached skill level 9 in Dodging
 11985 | Lair:3   | 11985 ||| FLEEEEING.
 11995 | Lair:3   | HP: 11/101 [death yak (18)]
 11996 | Lair:3   | 11996 ||| READING 4 scrolls of teleportation.
 12000 | Lair:3   | 12000 ||| READING 3 scrolls of teleportation.
 12001 | Lair:3   | HP: 5/101 [skyshark (7)]
 12001 | Lair:3   | Slain by a skyshark

Levels and vault maps discovered:
D:1:      dpeg_arrival_pits, layout_basic, serial_co_window_serial,
          co_window_of_opportunity_a, co_window_paths_b, co_window_paths_a,
          co_window_corner_a, co_window_of_opportunity_a, co_window_corner_ca,
          co_window_paths_c, co_window_corner_ca, co_window_unsneaky_path_e,
          co_window_4corner_a, co_window_paths_e, minmay_bisected
D:2:      layout_loops_ring, ebering_ecumenical_altar_webs
D:3:      layout_basic, mainiacjoe_overflow_two_lobes, uniq_ijyb
D:4:      layout_loops_ring, nicolae_qazlal_general_emergency,
          lightli_ossuary_entry_decrepit_ruins, minmay_misc_feat_five,
          hangedman_abyss_or_decor_stabs, uniq_robin
D:5:      layout_cave_pools, mainiacjoe_overflow_tiny_flanked,
          ebering_dispersal_statue_hall
D:6:      layout_rooms, minmay_temple_entry_hall, serial_shops, shop_statue,
          shop, nicolae_shop_mannequins, nicolae_shop_just_a_little_nook, shop,
          uniq_jeremiah
D:7:      layout_loops_ring, minmay_unpleasant_kobolds
D:8:      layout_gridville, lemuel_flamethrower_2
D:9:      layout_gridville, general_overflow_altar, minmay_orc_entry_guard_dogs,
          kennysheep_cluttered_room
D:10:     layout_loops_cross, lair_entry_dummy
D:11:     layout_stronghold, serial_shops, nicolae_shop_tiny_waterfront,
          uniq_gastronok
D:12:     minmay_evil_eye, layout_irregular_city, serial_shops, shop,
          portal_ice_cave_entry_animals_and_master, grunt_ministairs_1,
          introduction_to_nature_1, uniq_fannar
D:13:     layout_basic
Lair:1:   layout_layer_cave, grunt_megastairs_2
Lair:2:   layout_roguey, chequers_serial_rivers_micro_c,
          infiniplex_staircase_pool, serial_bayou_shore_b
Lair:3:   beast_lair_carwin_large_3, layout_regular_city,
          skrybe_swamp_entry_bodies, minmay_snake_entry_guardpost_small,
          basic_altar, minmay_hedge_maze

Skill      XL: |  1  2  3  4  5  6  7  8  9 10 11 12 |
---------------+-------------------------------------+-----
Ranged Weapons | 4 5 6 8 10 11 12 14 | 14.8
Fighting       | 2 3 5 6 7 8 |  8.0
Dodging        | 2 3 4 5 7 8 9 |  9.0
Armour         | 2 3 4 |  4.2
Stealth        | |  0.8

Action                     |  1- 3 |  4- 6 |  7- 9 | 10-12 || total
---------------------------+-------+-------+-------+-------++-------
   Fire: Shortbow          |    94 |   167 |    51 |       ||   312
         Orcbow            |       |       |   193 |   328 ||   521
  Evoke: Wand              |       |     5 |     8 |     3 ||    16
    Use: Scroll            |     5 |     6 |     9 |     6 ||    26
         Potion            |     1 |     2 |     2 |     5 ||    10
 Armour: Leather armour    |     7 |    34 |       |       ||    41
         Ring mail         |       |     3 |   110 |   217 ||   330
  Dodge: Dodged            |     9 |    41 |   132 |   231 ||   413

Table legend:
 A = Non-vault XP
 B = Vault XP
 C = Vault XP percentage of total XP
 D = Non-vault monster count
 E = Vault monster count
 F = Vault count percentage of total count
                 A         B        C        D         E       F
            +---------+---------+-------+---------+---------+-------
      Total |   22916 |    5729 |  20.0 |     238 |      39 |  14.1
            +---------+---------+-------+---------+---------+-------
        D:1 |      33 |       5 |  13.2 |      20 |       3 |  13.0
        D:2 |      89 |       0 |   0.0 |      23 |       0 |   0.0
        D:3 |     150 |      36 |  19.4 |      15 |       1 |   6.2
        D:4 |     225 |      37 |  14.1 |      18 |      12 |  40.0
        D:5 |     489 |       0 |   0.0 |      11 |       0 |   0.0
        D:6 |     301 |     382 |  55.9 |       5 |       1 |  16.7
        D:7 |    1004 |     198 |  16.5 |      15 |       6 |  28.6
        D:8 |     932 |       0 |   0.0 |      27 |       0 |   0.0
        D:9 |    1847 |     430 |  18.9 |      17 |       3 |  15.0
       D:10 |    2718 |       0 |   0.0 |      18 |       0 |   0.0
       D:11 |    1486 |    1481 |  49.9 |      12 |       1 |   7.7
       D:12 |     337 |    1226 |  78.4 |       1 |       4 |  80.0
     Lair:1 |    3847 |    1307 |  25.4 |      23 |       4 |  14.8
     Lair:2 |    7381 |       0 |   0.0 |      27 |       0 |   0.0
     Lair:3 |    2077 |     627 |  23.2 |       6 |       4 |  40.0
            +---------+---------+-------+---------+---------+-------
